 Dungeon Crawl Stone Soup version 0.28-a0-1347-g113dc556a4 (webtiles) character file.

Game seed: 3003387694025099849

16 2tousent the Sneak (level 2, 0/17 HPs)
             Began as an Octopode Enchanter on Dec 29, 2021.
             Constricted to death by a ball python (1 damage)
             ... on level 1 of the Dungeon.
             The game lasted 00:01:17 (1025 turns).

2tousent the Sneak (Octopode Enchanter)             Turns: 1025, Time: 00:01:17

Health: 0/17       AC:  1    Str:  7    XL:     2   Next: 58%
Magic:  5/5        EV: 10    Int: 17    God:
Gold:   27         SH:  0    Dex: 12    Spells: 5/5 levels left

rFire   . . .      SeeInvis .   a - +1 dagger
rCold   . . .      Faith    .   (no shield)
rNeg    . . .      Spirit   .   (helmet restricted)
rPois   .          Reflect  .   (no amulet)
rElec   .          Harm     .   (no ring)
rCorr   .          Rampage  .   (no ring)
Will    .....                   (no ring)
Stlth   ++++......              (no ring)
HPRegen 0.05/turn               (no ring)
MPRegen 0.09/turn               (no ring)
                                (no ring)
                                (no ring)

@: constricted
A: almost no armour, amphibious, 8 rings, camouflage 1, gelatinous body 1,
(nimble swimmer 1), tentacles
a: no special abilities


You were on level 1 of the Dungeon.
You visited 1 branch of the dungeon, and saw 1 of its levels.

You collected 27 gold pieces.

Inventory:

Hand Weapons
 a - a +1 dagger (weapon)
Jewellery
 c - a ring of protection from cold
Scrolls
 d - a scroll of teleportation {unknown}
Potions
 b - a potion of invisibility
 e - a potion of cancellation {unknown}


   Skills:
 + Level 1.3 Short Blades
 - Level 2.0 Dodging
 * Level 4.6 Stealth
 - Level 2.0 Spellcasting
 * Level 3.3 Hexes


You had 5 spell levels left.
You didn't know any spells.
Your spell library contained the following spells:

 Spells                   Type           Power      Damage    Failure   Level
 Ensorcelled Hibernation  Hex/Ice        14%        N/A       14%         2
 Confusing Touch          Hex            13%        N/A       14%         3
 Tukima's Dance           Hex            13%        N/A       14%         3
 Dazzling Flash           Conj/Hex       14%        N/A       28%         3


Dungeon Overview and Level Annotations

Branches:
Dungeon (1/15)

Altars:

Shops:
D:1 [:[


Innate Abilities, Weirdness & Mutations

You cannot wear most types of armour.
You are amphibious.
You can wear up to eight rings at the same time.
Your skin changes colour to match your surroundings (Stealth+).
Your rubbery body absorbs attacks. (AC +1, EV +1)
((You are camouflaged when in or above water. (Stealth+)))
You have tentacles for arms and can constrict up to eight enemies at once.


Message History

Things that are here:
a +0 whip; a stone
Things that are here:
a +0 whip; a stone Key pressed, stopping explore.
A goblin comes into view. It is wielding a +0 club.
A bat and a hobgoblin come into view.
A ball python comes into view.
The goblin shouts!
The hobgoblin shouts!
The goblin misses you.
The ball python hisses angrily.
You hit the bat. Your grab misses the bat.
The bat is moderately wounded.
The bat hits you but does no damage. The goblin hits you with a +0 club.
You hit the bat.
You kill the bat!
The hobgoblin barely misses you. The goblin misses you.
Unknown command.
You closely miss the goblin. You grab the goblin. You constrict the goblin.
The goblin closely misses you. The hobgoblin hits you.
You hit the goblin.
You kill the goblin!
The hobgoblin hits you.
A quokka comes into view.
The ball python barely misses you. The ball python grabs you.
The ball python constricts you.
You are too injured to fight recklessly!
You are too injured to fight recklessly!
You escape the ball python's grasp.
You see here a +0 club.
The ball python barely misses you. The ball python grabs you.
The ball python constricts you. The ball python closely misses you.
The ball python constricts you.
The ball python's grasp on you weakens, but your attempt to escape fails.
The hobgoblin hits you.
* * * LOW HITPOINT WARNING * * *
The ball python bites you.
* * * LOW HITPOINT WARNING * * *
The ball python constricts you.
You die...

############# #......^.
............########.#######
............................
............########.######.#
###.######### #### #........#
........... ..# #..#######
############## #.# #..# # ###
......#.###..#.... ..##
.......@Sr......... ≈..#
#####.#.g...##.##.. ≈≈.# #
#####.# ..# ≈≈∩# .... ...
≈§.# #.#...#.# ≈..# ..##.##..
..## #.. ... ### ## #.


You could see a quokka, a hobgoblin and a ball python.

Vanquished Creatures
  A dart slug (D:1)
  2 ball pythons (D:1)
  3 bats (D:1)
  2 kobolds (D:1)
  A quokka (D:1)
  A frilled lizard (D:1)
  3 goblins (D:1)
  A rat (D:1)
14 creatures vanquished.

Notes
Turn   | Place    | Note
-------+----------+-------------------------------------------
     0 | D:1      | 2tousent the Octopode Enchanter began the quest for the
                  | Orb.
     0 | D:1      | Reached XP level 1. HP: 11/11 MP: 3/3
   375 | D:1      | Reached XP level 2. HP: 17/17 MP: 5/5
   441 | D:1      | Found Uceokh's Antique Armour Shoppe.
   618 | D:1      | Found Pyschall's Antique Armour Shoppe.
   693 | D:1      | Found Acarady's Book Boutique.
  1025 | D:1      | Constricted to death by a ball python

Illustrated notes

Levels and vault maps discovered:
D:1:      nicolae_arrival_memento_mori, layout_basic, serial_shops, shop,
          nicolae_shop_crystal, nicolae_lakefront_shop,
          ebering_ecumenical_altar_box, kennysheep_another_room

Action                   || total
-------------------------++-------
Melee: Dagger            ||    25
       Constrict         ||     7
       Tentacles         ||     1
 Stab: Sleeping          ||     3
Armor: Skin              ||     3
Dodge: Dodged            ||    24

Table legend: (Time is in decaauts)
 A = Elapsed time spent in this place.
 B = Non-inter-level travel time spent in this place.
 C = Inter-level travel time spent in this place.
 D = Time resting spent in this place.
 E = Time spent auto-exploring this place.
 F = Levels seen in this place.
 G = Mean time per level.
                   A        B        C        D        E       F      G
               +--------+--------+--------+--------+--------+-----+--------+
         Total |   1023 |   1023 |      0 |      0 |    920 |   1 | 1023.0 |
       Dungeon |   1023 |   1023 |      0 |      0 |    920 |   1 | 1023.0 |
               +--------+--------+--------+--------+--------+-----+--------+

Top non-repeatable levels by time:
     D:1: 1023 daAuts
